Workbook
Name BedragF: #REF!
Name BedragF: #REF!
Name Beg_Bal: #REF!
Name Beg_Bal: #REF!
Name End_Bal: '[1]Tableau d''amortissement'!$I$18:$I$377
Name EuroConv: [2]Parameterblad!$C$1
Name Extra_Pay: #REF!
Name Extra_Pay: #REF!
Name FullFormules: [2]Formules!$A$26:$V$39
Name Geldigheid: [2]Parameterblad!$B$4
Name Header_Row: ROW('[1]Tableau d''amortissement'!$17:$17)
Name Int: #REF!
Name Int: #REF!
Name Interest_Rate: '[1]Tableau d''amortissement'!$D$5
Name KredietTypes: [2]Parameterblad!$A$25:$B$26
Name Last_Row: IF(Values_Entered,Header_Row+Number_of_Payments,Header_Row)
Name Loan_Amount: '[1]Tableau d''amortissement'!$D$4
Name Loan_Start: '[1]Tableau d''amortissement'!$D$8
Name Loan_Years: '[1]Tableau d''amortissement'!$D$6
Name looptijdF: #REF!
Name looptijdF: #REF!
Name maandenF: #REF!
Name maandenF: #REF!
Name mensF: #REF!
Name mensF: #REF!
Name nettorvtF: #REF!
Name nettorvtF: #REF!
Name Num_Pmt_Per_Year: #REF!
Name Num_Pmt_Per_Year: #REF!
Name Number_of_Payments: MATCH(0.01,End_Bal,-1)+1
Name Pay_Num: #REF!
Name Pay_Num: #REF!
Name Princ: #REF!
Name Princ: #REF!
Name Sched_Pay: #REF!
Name Sched_Pay: #REF!
Name Scheduled_Extra_Payments: #REF!
Name Scheduled_Extra_Payments: #REF!
Name Scheduled_Monthly_Payment: #REF!
Name Scheduled_Monthly_Payment: #REF!
Name Total_Pay: #REF!
Name Total_Pay: #REF!
Name UitstelF: #REF!
Name UitstelF: #REF!
Name Values_Entered: IF(Loan_Amount*Interest_Rate*Loan_Years*Loan_Start>0,1,0)

Sheet Données
B2: Emprunteurs | D2: Demandeur 1 | H2: Demandeur 2 | L2: Gage (Habitation financé) | P2: Achat d'un immeuble existant | R2: Valeur | Z2: CF | AA2: 101% - 118% | AB2: 1/1/1 - cap 3 | AC2: 5/1/1 - cap 3 | AD2: Fixe | AH2: < 75% | AI2: 1/1/1 - cap 2,5% | AJ2: 3/3/3 - cap 2% | AK2: 5/5/5 - cap 2% | AL2: 10/5 - Cap 2% | AM2: Taux fixe
B4: Nom | P4: Prix d'achat | R4: 100000 | AA4: 10 | AB4: 0.0409 | AC4: 0.0477 | AD4: 0.0492 | AH4: 10 | AI4: 0.0365 | AJ4: 0.0375 | AK4: 0.0396 | AL4: 0.0441 | AM4: 0.0414
B5: Prénom | P5: Travaux | AA5: 15 | AB5: 0.0425 | AC5: 0.0492 | AD5: 0.0526 | AH5: 15 | AI5: 0.0383 | AJ5: 0.0382 | AK5: 0.0407 | AL5: 0.0464 | AM5: 0.0439
B6: Adresse | P6: Tva 21% | R6: =R5*21% -> 0 | AA6: 20 | AB6: 0.0441 | AC6: 0.0508 | AD6: 0.0532 | AH6: 20 | AI6: 0.0405 | AJ6: 0.04 | AK6: 0.0424 | AL6: 0.0482 | AM6: 0.0468
B7: Code postal + Ville | P7: Montant travaux | R7: =R5+R6 -> 0 | AA7: 25 | AB7: 0.0451 | AC7: 0.0518 | AD7: 0.0542 | AH7: 25 | AI7: 0.0417 | AJ7: 0.0414 | AK7: 0.0437 | AM7: 0.0486
B8: Téléphone | P8: Montant achat + crédits à racheter | R8: =R4+R7+J39 -> 100000 | AH8: 30 | AM8: 0.0512
B9: Email
B11: Crédits en cours | D11: Emprunt | F11: Durée mois | H11: Taux | J11: R'boursement | L11: 1 échéance | N11: Solde | P11: Achat construction neuve | R11: Montant | T11: Tva 21% | V11: Total | Z11: E | AA11: <=90% | AB11: 1/1/1 - cap 3 | AC11: 5/5/5 - cap 2 | AD11: Fixe
B13: Type de prêt | P13: Devis construction | T13: =R13*21% -> 0 | V13: =R13+T13 -> 0 | AA13: 10 | AB13: 0.0357 | AC13: 0.0373 | AD13: 0.0393
P14: Devis terrain | T14: =R14*21% -> 0 | V14: =R14+T14 -> 0 | AA14: 15 | AB14: 0.0373 | AC14: 0.0387 | AD14: 0.0423
P15: Devis garage / cave | T15: =R15*21% -> 0 | V15: =R15+T15 -> 0 | AA15: 20 | AB15: 0.0392 | AC15: 0.0405 | AD15: 0.0448
P16: Devis terrain garage / cave | T16: =R16*21% -> 0 | V16: =R16+T16 -> 0 | AA16: 25 | AB16: 0.0405 | AC16: 0.0417 | AD16: 0.0467
P17: Total terrain garage et ou cave | T17: =R17*21% -> 0 | V17: =R17+T17 -> 0 | AA17: 30 | AD17: 0.0497
P18: Honoraires architecte | T18: =R18*21% -> 0 | V18: =R18+T18 -> 0
P19: Raccordement égouts | T19: =R19*21% -> 0 | V19: =R19+T19 -> 0
P20: Prix total construction neuve | V20: =SUM(V13:V19) -> 0 | Z20: E | AA20: 90% <= 100% | AB20: 1/1/1 - cap 3 | AC20: 5/5/5 - cap 2 | AD20: Fixe
D21: =SUM(D15:D20) -> 0 | J21: =SUM(J15:J20) -> 0 | N21: =SUM(N15:N20) -> 0
AA22: 10 | AB22: =AB13+0.25% -> 0.0382 | AC22: =AC13+0.25% -> 0.0398 | AD22: =AD13+0.25% -> 0.0418
B23: Plan financier | F23: Revenus / dépenses réelles | AA23: 15 | AB23: =AB14+0.25% -> 0.0398 | AC23: =AC14+0.25% -> 0.0412 | AD23: =AD14+0.25% -> 0.0448
AA24: 20 | AB24: =AB15+0.25% -> 0.0417 | AC24: =AC15+0.25% -> 0.043 | AD24: =AD15+0.25% -> 0.0473
B25: Revenus employée | AA25: 25 | AB25: =AB16+0.25% -> 0.043 | AC25: =AC16+0.25% -> 0.0442 | AD25: =AD16+0.25% -> 0.0492
B26: Revenus ouvrier (e)/fonctionnaire | AA26: 30 | AD26: =AD17+0.25% -> 0.0522
B27: Revenu indépendant | N27: Dans quelle région se situe l'immeuble ? | R27: Bruxelles 12.5%
B28: Maladie/invalidité | N28: Le remboursement comprend combien d'années ? | T28: 20
B29: Pensions
B30: Revenus de chômage
B31: Total chèque repas par mois
B32: Pens. alim. reçues enfants < 15 ans
B33: Nbr d'enfants < 15 ans - Allocations
B34: Valeurs locative existant
B35: Valeurs locative future
B36: Autres positif: Handicap, Onem
B37: Pension alimentaire payée
B38: Autres négatif
B39: Crédits en cours à racheter
B40: Crédits en cours non rachetés
B41: Total revenus | F41: =SUM(F25:F34)-F37-F38-F39-F40 -> 0 | H41: =SUM(H25:H34)-H37-H38-H39-H40 -> 0
B43: Fonds propres
B44: Garanties immobilières/mobilières
B45: Charges mensuelles hors prêt | H45: =SUM(H37:H40)+SUM(F37:F40) -> 0

Sheet CF
B2: Emprunteurs | D2: Demandeur 1 | H2: Demandeur 2 | L2: Gage (Habitation financé) | P2: Achat d'un immeuble existant | R2: Valeur | AH2: < 75% | AI2: 1/1/1 - cap 2,5% | AJ2: 3/3/3 - cap 2% | AK2: 5/5/5 - cap 2% | AL2: 10/5 - Cap 2% | AM2: Taux fixe
B4: Nom | D4: =Données!D4 -> 0 | H4: =Données!H4 -> 0 | P4: Prix d'achat | R4: =Données!R4 -> 100000 | AH4: 10 | AI4: 0.0365 | AJ4: 0.0375 | AK4: 0.0396 | AL4: 0.0441 | AM4: 0.0414
B5: Prénom | D5: =Données!D5 -> 0 | H5: =Données!H5 -> 0 | P5: Travaux | R5: =Données!R5 -> 0 | AH5: 15 | AI5: 0.0383 | AJ5: 0.0382 | AK5: 0.0407 | AL5: 0.0464 | AM5: 0.0439
B6: Adresse | D6: =Données!D6 -> 0 | H6: =Données!H6 -> 0 | L6: =Données!L6 -> 0 | P6: Tva 21% | R6: =R5*21% -> 0 | AH6: 20 | AI6: 0.0405 | AJ6: 0.04 | AK6: 0.0424 | AL6: 0.0482 | AM6: 0.0468
B7: Code postal + Ville | D7: =Données!D7 -> 0 | H7: =Données!H7 -> 0 | L7: =Données!L7 -> 0 | P7: Montant travaux | R7: =R5+R6 -> 0 | AH7: 25 | AI7: 0.0417 | AJ7: 0.0414 | AK7: 0.0437 | AM7: 0.0486
B8: Téléphone | D8: =Données!D8 -> 0 | H8: =Données!H8 -> 0 | L8: =Données!L8 -> 0 | P8: Montant achat + crédits à racheter | R8: =R4+R7+J39 -> 100000 | AH8: 30 | AM8: 0.0512
B9: Email | D9: =Données!D9 -> 0 | H9: =Données!H9 -> 0 | L9: =Données!L9 -> 0
B11: Crédits en cours | D11: Emprunt | F11: Durée mois | H11: Taux | J11: R'boursement | L11: 1 échéance | N11: Solde | P11: Achat construction neuve | R11: Montant | T11: Tva 21% | V11: Total
B13: Type de prêt | P13: Devis construction | R13: =Données!R13 -> 0 | T13: =R13*21% -> 0 | V13: =R13+T13 -> 0
P14: Devis terrain | R14: =Données!R14 -> 0 | T14: =R14*21% -> 0 | V14: =R14+T14 -> 0
B15: =Données!B15 -> 0 | D15: =Données!D15 -> 0 | F15: =Données!F15 -> 0 | H15: =Données!H15 -> 0 | J15: =Données!J15 -> 0 | L15: =Données!L15 -> 0 | N15: =Données!N15 -> 0 | P15: Devis garage / cave | R15: =Données!R15 -> 0 | T15: =R15*21% -> 0 | V15: =R15+T15 -> 0
B16: =Données!B16 -> 0 | D16: =Données!D16 -> 0 | F16: =Données!F16 -> 0 | H16: =Données!H16 -> 0 | J16: =Données!J16 -> 0 | L16: =Données!L16 -> 0 | N16: =Données!N16 -> 0 | P16: Devis terrain garage / cave | R16: =Données!R16 -> 0 | T16: =R16*21% -> 0 | V16: =R16+T16 -> 0
B17: =Données!B17 -> 0 | D17: =Données!D17 -> 0 | F17: =Données!F17 -> 0 | H17: =Données!H17 -> 0 | J17: =Données!J17 -> 0 | L17: =Données!L17 -> 0 | N17: =Données!N17 -> 0 | P17: Total terrain garage et ou cave | R17: =Données!R17 -> 0 | T17: =R17*21% -> 0 | V17: =R17+T17 -> 0
B18: =Données!B18 -> 0 | D18: =Données!D18 -> 0 | F18: =Données!F18 -> 0 | H18: =Données!H18 -> 0 | J18: =Données!J18 -> 0 | L18: =Données!L18 -> 0 | N18: =Données!N18 -> 0 | P18: Honoraires architecte | R18: =Données!R18 -> 0 | T18: =R18*21% -> 0 | V18: =R18+T18 -> 0
B19: =Données!B19 -> 0 | D19: =Données!D19 -> 0 | F19: =Données!F19 -> 0 | H19: =Données!H19 -> 0 | J19: =Données!J19 -> 0 | L19: =Données!L19 -> 0 | N19: =Données!N19 -> 0 | P19: Raccordement égouts | R19: =Données!R19 -> 0 | T19: =R19*21% -> 0 | V19: =R19+T19 -> 0
B20: =Données!B20 -> 0 | D20: =Données!D20 -> 0 | F20: =Données!F20 -> 0 | H20: =Données!H20 -> 0 | J20: =Données!J20 -> 0 | L20: =Données!L20 -> 0 | N20: =Données!N20 -> 0 | P20: Prix total construction neuve | V20: =SUM(V13:V19) -> 0
D21: =SUM(D15:D20) -> 0 | J21: =SUM(J15:J20) -> 0 | N21: =SUM(N15:N20) -> 0
P22: Frais de notaire | R22: Frais d'acte d'achat (Barème J - A.R. 16/12/1950)
B23: Plan financier | F23: Revenus / dépenses réelles | J23: Credit foncier | R23: Bxl 1 achat | T23: Wallonie | V23: Wallonie | X23: Flandre | Z23: Flandre
B25: Revenus employée | F25: =Données!F25 -> 0 | H25: =Données!H25 -> 0 | J25: =(F25+H25)*1.1392 -> 0 | P25: Enregistrement à | R25: =IF($R$8+$Z$8+$V$20=0,"",12.5%) -> 0.125 | T25: =IF($R$8+$Z$8+$V$20=0,"",12.5%) -> 0.125 | V25: =IF($R$8+$Z$8+$V$20=0,"",6%) -> 0.06 | X25: =IF($R$8+$Z$8+$V$20=0,"",10%) -> 0.1 | Z25: =IF($R$8+$Z$8+$V$20=0,"",5%) -> 0.05
B26: Revenus ouvrier (e)/fonctionnaire | F26: =Données!F26 -> 0 | H26: =Données!H26 -> 0 | J26: =(F26+H26)*1.1255 -> 0 | P26: Abattement | R26: =IF($R$8+$Z$8+$V$20=0,"",60000) -> 60000 | T26: =IF($R$8+$Z$8+$V$20=0,"","non") -> non | V26: =IF($R$8+$Z$8+$V$20=0,"","non") -> non | X26: =IF($R$8+$Z$8+$V$20=0,"",15000) -> 15000 | Z26: =IF($R$8+$Z$8+$V$20=0,"",15000) -> 15000
B27: Revenu indépendant | F27: =Données!F27 -> 0 | H27: =Données!H27 -> 0 | J27: =F27+H27 -> 0 | P27: Droits d'enregistrements | R27: =IF(R4>=60000,(R4-60000)*12.5%,0) -> 5000 | T27: =SUM(R4+Z8)*12.5% -> 12500 | V27: =SUM(R4+Z8)*6% -> 6000 | X27: =IF(R8>=15000,(R4-15000)*10%,0) -> 8500 | Z27: =IF(R8>15000,(R4-15000)*5%,0) -> 4250
B28: Maladie/invalidité | F28: =Données!F28 -> 0 | H28: =Données!H28 -> 0 | J28: =F28+H28 -> 0 | P28: Honoraires du notaire | R28: =SUM(Z87:Z93) -> 1593.663 | T28: =R28 -> 1593.663 | V28: =R28 -> 1593.663 | X28: =R28 -> 1593.663 | Z28: =R28 -> 1593.663
B29: Pensions | F29: =Données!F29 -> 0 | H29: =Données!H29 -> 0 | J29: =F29+H29 -> 0 | P29: Frais divers d'acte d'achat | R29: =IF($R$8+$Z$8+$V$20=0,"",900) -> 900 | T29: =IF($R$8+$Z$8+$V$20=0,"",900) -> 900 | V29: =IF($R$8+$Z$8+$V$20=0,"",900) -> 900 | X29: =IF($R$8+$Z$8+$V$20=0,"",900) -> 900 | Z29: =IF($R$8+$Z$8+$V$20=0,"",900) -> 900
B30: Revenus de chômage | F30: =Données!F30 -> 0 | H30: =Données!H30 -> 0 | J30: =MIN(COUNTA(Données!F30:'Données'!H30)*275,Données!F30+Données!H30) -> 0 | P30: Total frais de notaires acte d'achat | R30: =SUM(R27:R29) -> 7493.663 | T30: =SUM(T27:T29) -> 14993.663 | V30: =SUM(V27:V29) -> 8493.663 | X30: =SUM(X27:X29) -> 10993.663 | Z30: =SUM(Z27:Z29) -> 6743.663
B31: Total chèque repas par mois | F31: =Données!F31 -> 0 | H31: =Données!H31 -> 0 | J31: =MIN(COUNTA(Données!F31:'Données'!H31)*80,Données!F31+Données!H31) -> 0
B32: Pens. alim. reçues enfants < 15 ans | F32: =Données!F32 -> 0 | H32: =Données!H32 -> 0 | J32: =IF((Données!F32+Données!H32)/2>(J25+J26+J27+J28+J29+J30)*0.2,(J25+J26+J27+J28+J29+J30)*0.2,(Données!F32+Données!H32)/2) -> 0 | R32: Frais d'acte de prêt (Barème G - A.R. 16/12/1950)
B33: Nbr d'enfants < 15 ans - Allocations | F33: =Données!F33 -> 0 | H33: =Données!H33 -> 0 | J33: =IF((Données!F33+Données!H33)*75>(J25+J26+J27+J28+J29+J30)*0.2,(J25+J26+J27+J28+J29+J30)*0.2,(Données!F33+Données!H33)*75) -> 0
B34: Valeurs locative existant | F34: =Données!F34 -> 0 | H34: =Données!H34 -> 0 | J34: =(F34+H34)*0.85 -> 0 | P34: Droit d'enregistrements | R34: =(((R4+R7+Z8+V20)*110%*1.3%))+300 -> 1730 | T34: =(((R4+R7+Z8+V20)*110%*1.3%))+300 -> 1730 | V34: =(((R4+R7+Z8+V20)*110%*1.3%))+300 -> 1730 | X34: =(((R4+R7+Z8+V20)*110%*1.3%))+300 -> 1730 | Z34: =(((R4+R7+Z8+V20)*110%*1.3%))+300 -> 1730
B35: Valeurs locative future | F35: =Données!F35 -> 0 | H35: =Données!H35 -> 0 | J35: =(F35+H35)*0.85 -> 0 | P35: Honoraires du notaire | R35: =SUM(Z95:Z101) -> 651.7152 | T35: =R35 -> 651.7152 | V35: =R35 -> 651.7152 | X35: =R35 -> 651.7152 | Z35: =R35 -> 651.7152
B36: Autres positif: (Handicap, Onem) | F36: =Données!F36 -> 0 | H36: =Données!H36 -> 0 | J36: =F36+H36 -> 0 | P36: Frais divers d'acte de crédit | R36: =IF($R$8+$Z$8+$V$20=0,"",1000) -> 1000 | T36: =R36 -> 1000 | V36: =R36 -> 1000 | X36: =R36 -> 1000 | Z36: =R36 -> 1000
B37: Pension alimentaire payée | F37: =Données!F37 -> 0 | H37: =Données!H37 -> 0 | J37: =F37+H37 -> 0 | P37: Total frais de notaires acte de prêt | R37: =SUM(R34:R36) -> 3381.7152 | T37: =R37 -> 3381.7152 | V37: =R37 -> 3381.7152 | X37: =R37 -> 3381.7152 | Z37: =R37 -> 3381.7152
B38: Autres négatif (Loyer) | F38: =Données!F38 -> 0 | H38: =Données!H38 -> 0 | J38: =F38+H38 -> 0
B39: Crédits en cours à racheter | F39: =Données!F39 -> 0 | H39: =Données!H39 -> 0 | J39: =F39+H39 -> 0 | P39: Total frais de notaire | R39: =R37+R30 -> 10875.378 | T39: =T37+T30 -> 18375.378 | V39: =V37+V30 -> 11875.378 | X39: =X37+X30 -> 14375.378 | Z39: =Z37+Z30 -> 10125.378
B40: Crédits en cours non rachetés | F40: =Données!F40 -> 0 | H40: =Données!H40 -> 0 | J40: =F40+H40 -> 0 | P40: Achat/construction/travaux | R40: =R8+V20+Z8 -> 100000 | T40: =R8+V20+Z8 -> 100000 | V40: =R8+Z8+V20 -> 100000 | X40: =R8+V20+Z8 -> 100000 | Z40: =R8+V20+Z8 -> 100000
B41: Total revenus | F41: =SUM(F25:F34)-F37-F38-F39-F40 -> 0 | H41: =SUM(H25:H34)-H37-H38-H39-H40 -> 0 | J41: =SUM(J25:J36) -> 0 | P41: Fonds propres | R41: =J46 -> 0 | T41: =J46 -> 0 | V41: =J46 -> 0 | X41: =J46 -> 0 | Z41: =J46 -> 0
P42: Montant prêt hors frais de dossier | R42: =SUM(R39:R40)-J46 -> 110875.38 | T42: =SUM(T39:T40)-J46 -> 118375.38 | V42: =SUM(V39:V40)-J46 -> 111875.38 | X42: =SUM(X39:X40)-J46 -> 114375.38 | Z42: =SUM(Z39:Z40)-J46 -> 110125.38
B43: Remboursement maximum | J43: =J41*40% -> 0
B44: Solde alimentaire | J44: =J41-J48 -> -710.00152 | P44: Frais de dossier | R44: =IF(R42<=R46,MAX(250,MIN(1500,R42*0.5%)),IF(R42>R46,MAX(250,MIN(3500,R42*2%)))) -> 2217.5076 | T44: =IF(T42<=T46,MAX(250,MIN(1500,T42*0.5%)),IF(T42>T46,MAX(250,MIN(3500,T42*2%)))) -> 2367.5076 | V44: =IF(V42<=V46,MAX(250,MIN(1500,V42*0.5%)),IF(V42>V46,MAX(250,MIN(3500,V42*2%)))) -> 2237.5076 | X44: =IF(X42<=X46,MAX(250,MIN(1500,X42*0.5%)),IF(X42>X46,MAX(250,MIN(3500,X42*2%)))) -> 2287.5076 | Z44: =IF(Z42<=Z46,MAX(250,MIN(1500,Z42*0.5%)),IF(Z42>Z46,MAX(250,MIN(3500,Z42*2%)))) -> 2202.5076
B45: Rapport charge revenu | J45: =J48/J41 -> #DIV/0! | P45: Montant final du prêt | R45: =R42+R44 -> 113092.89 | T45: =T44+T42 -> 120742.89 | V45: =V44+V42 -> 114112.89 | X45: =X44+X42 -> 116662.89 | Z45: =Z44+Z42 -> 112327.89
B46: Fonds propres | J46: =Données!H43 -> 0 | P46: Garanties immobilières/mobilières | R46: =R4+Z4+V13+V14+V15+V16+J47 -> 100000 | T46: =R4+Z4+V13+V14+V15+V16+J47 -> 100000 | V46: =R4+Z4+V13+V14+V15+V16+J47 -> 100000 | X46: =R4+Z4+V13+V14+V15+V16+J47 -> 100000 | Z46: =R4+Z4+V13+V14+V15+V16+J47 -> 100000
B47: Garanties immobilières/mobilières | J47: =Données!H44 -> 0 | P47: Quotité projet | R47: =IF(R46=0,0,R45/R46) -> 1.1309289 | T47: =IF(T46=0,0,T45/T46) -> 1.2074289 | V47: =IF(V46=0,0,V45/V46) -> 1.1411289 | X47: =IF(X46=0,0,X45/X46) -> 1.1666289 | Z47: =IF(Z46=0,0,Z45/Z46) -> 1.1232789
B48: Charges mensuelles + prêt | J48: =Données!H45+X52 -> 710.00152
B50: Montant à financer
B51: Formule de crédit 101% à 118% | L51: 1/1/1 - cap 3 | P51: Durée années | R51: =Données!T28 -> 20 | V51: Nombres mois | X51: =R51*12 -> 240 | Z51: Coût total
G52: Remboursement par mois | L52: Tx annuel | P52: =INDEX(Données!AB4:AD7,MATCH(Données!T28,Données!AA4:AA7,0),MATCH(L51,Données!AB2:AD2,0)) -> 0.0441 | R52: Tx mensuel | T52: =NOMINAL(P52,12)/12 -> 0.0036027469 | V52: Mensualité | X52: =-PMT(P52/12,Données!T28*12,R45,1) -> 710.00152 | Z52: =X52*X51 -> 170400.37
G53: Remboursement après revision | L53: Tx annuel correspondant | P53: =RATE(X51,-X53,R45)*12 -> 0.072825233 | R53: Tx mensuel | T53: =T52+0.2466% -> 0.0060687469 | V53: Mensualité max | X53: =-PMT(T53,Données!T28*12,R45,1) -> 896.08894 | Z53: =X53*X51 -> 215061.34
L56: 5/1/1 - cap 3 | P56: Durée années | R56: =Données!T28 -> 20 | V56: Nombres mois | X56: =R56*12 -> 240 | Z56: Coût total
G57: Remboursement par mois | L57: Tx annuel | P57: =INDEX(Données!AB4:AD7,MATCH(Données!T28,Données!AA4:AA7,0),MATCH(L56,Données!AB2:AD2,0)) -> 0.0508 | R57: Tx mensuel | T57: =NOMINAL(P57,12)/12 -> 0.0041378523 | V57: Mensualité | X57: =-PMT(P57/12,Données!T28*12,R45,1) -> 751.37244 | Z57: =X57*X56 -> 180329.38
G58: Remboursement après revision | L58: Tx annuel correspondant | P58: =RATE(X56,-X58,R45)*12 -> 0.079246471 | R58: Tx mensuel | T58: =T57+0.2466% -> 0.0066038523 | V58: Mensualité max | X58: =-PMT(T58,Données!T28*12,R45,1) -> 940.65748 | Z58: =X58*X56 -> 225757.79
L61: Fixe | P61: Durée années | R61: =Données!T28 -> 20 | V61: Nombres mois | X61: =R61*12 -> 240 | Z61: Coût total
G62: Remboursement par mois | L62: Tx annuel | P62: =INDEX(Données!AB4:AD7,MATCH(Données!T28,Données!AA4:AA7,0),MATCH(L61,Données!AB2:AD2,0)) -> 0.0532 | R62: Tx mensuel | T62: =NOMINAL(P62,12)/12 -> 0.0043287712 | V62: Mensualité | X62: =-PMT(P62/12,Données!T28*12,R45,1) -> 766.5015 | Z62: =X62*X61 -> 183960.36
B79: Cette étude, en remboursement par mensualités constantes, est réalisée à titre informatif et ne peut donc pas être considérée comme offre de crédit. Elle n'implique aucun engagement, ni de la part du client,
B80: ni de Jean Marc Minne ou un de ses représentants. Le taux et la quotité dépendent des éléments d'une demande de contrat signée.
R87: Frais notaire | T87: 0 | V87: 7500 | X87: =IF($R$4+$V$20+$Z$8>V87,"oui","non") -> oui | Y87: =IF(X87="oui",V87,R4+V20+Z8) -> 7500 | Z87: =Y87*W91 -> 342
R88: Acte d'achat | T88: 7500 | V88: 17500 | X88: =IF($R$4+$V$20+$Z$8>V88,"oui","non") -> oui | Y88: =IF(X88="oui",V88-V87,CF!$R$4+$V$20-Y87) -> 10000 | Z88: =Y88*W92 -> 285
T89: 17500 | V89: 30000 | X89: =IF($R$4+$V$20+$Z$8>V89,"oui","non") -> oui | Y89: =IF(X89="oui",V89-V88,CF!$R$4+$V$20-Y88-Y87) -> 12500 | Z89: =Y89*W93 -> 285
T90: 30000 | V90: 45495 | X90: =IF($R$4+$V$20+$Z$8>V90,"oui","non") -> oui | Y90: =IF(X90="oui",V90-V89,CF!$R$4+$R$20-Y89-Y88-Y87) -> 15495 | Z90: =Y90*W94 -> 264.9645
T91: 45495 | V91: 64095 | W91: 0.0456 | X91: =IF($R$4+$V$20+$Z$8>V91,"oui","non") -> oui | Y91: =IF(X91="oui",V91-V90,CF!$R$4+$V$20-Y90-Y89-Y88-Y87) -> 18600 | Z91: =Y91*W95 -> 212.04
T92: 64095 | V92: 250095 | W92: 0.0285 | X92: =IF($R$4+$V$20+$Z$8>V92,"oui","non") -> non | Y92: =IF(X92="oui",V92-V91,CF!$R$4+$V$20-Y91-Y90-Y89-Y88-Y87) -> 35905 | Z92: =Y92*W96 -> 204.6585
T93: 250095 | W93: 0.0228 | X93: NS | Y93: =IF(R4+V20+Z8>=T93,R4+V20-Z8,0) -> 0 | Z93: =Y93*W97 -> 0
W94: 0.0171
R95: Frais de notaire | T95: 0 | V95: 7500 | W95: 0.0114 | X95: =IF($R$4+$V$20+$Z$8>V95,"oui","non") -> oui | Y95: =IF(X95="oui",V95,R4+V20+Z8) -> 7500 | Z95: =Y95*W99 -> 128.25
R96: Acte de credit | T96: 7500 | V96: 17500 | W96: 0.0057 | X96: =IF($R$4+$V$20+$Z$8>V96,"oui","non") -> oui | Y96: =IF(X96="oui",V96-V95,($R$4+$V$20+$Z$8)-Y95) -> 10000 | Z96: =Y96*W100 -> 136.8
T97: 17500 | V97: 30000 | W97: 0.00057 | X97: =IF($R$4+$V$20+$Z$8>V97,"oui","non") -> oui | Y97: =IF(X97="oui",V97-V96,($R$4+$V$20+$Z$8)-Y96-Y95) -> 12500 | Z97: =Y97*W101 -> 114
T98: 30000 | V98: 45495 | X98: =IF($R$4+$V$20+$Z$8>V98,"oui","non") -> oui | Y98: =IF(X98="oui",V98-V97,($R$4+$V$20+$Z$8)-Y97-Y96-Y95) -> 15495 | Z98: =Y98*W102 -> 105.9858
T99: 45495 | V99: 64095 | W99: 0.0171 | X99: =IF($R$4+$V$20+$Z$8>V99,"oui","non") -> oui | Y99: =IF(X99="oui",V99-V98,($R$4+$V$20+$Z$8)-Y98-Y97-Y96-Y95) -> 18600 | Z99: =Y99*W103 -> 84.816
T100: 64095 | V100: 250095 | W100: 0.01368 | X100: =IF($R$4+$V$20+$Z$8>V100,"oui","non") -> non | Y100: =IF(X100="oui",V100-V99,($R$4+$V$20+$Z$8)-Y99-Y98-Y97-Y96-Y95) -> 35905 | Z100: =Y100*W104 -> 81.8634
T101: 250095 | W101: 0.00912 | X101: NS | Y101: =IF((R4+V20+Z8)>=T101,(R4+V20+Z8)-V100,0) -> 0 | Z101: =Y101*W105 -> 0
W102: 0.00684
R103: Frais de notaire | T103: 0 | V103: 7500 | W103: 0.00456 | X103: =IF(Z4>V103,"oui","non") -> non | Y103: =IF(X103="oui",V103,Z4) -> 0 | Z103: =Y103*W107 -> 0
R104: Main levée | T104: 7500 | V104: 17500 | W104: 0.00228 | X104: =IF(Z4>V104,"oui","non") -> non | Y104: =IF(X104="oui",V104-V103,(Z4)-Y103) -> 0 | Z104: =Y104*W108 -> 0
T105: 17500 | V105: 30000 | W105: 0.000456 | X105: =IF(Z4>V105,"oui","non") -> non | Y105: =IF(X105="oui",V105-V104,(Z4)-Y104-Y103) -> 0 | Z105: =Y105*W109 -> 0
T106: 30000 | V106: 45495 | X106: =IF(Z4>V106,"oui","non") -> non | Y106: =IF(X106="oui",V106-V105,(Z4)-Y105-Y104-Y103) -> 0 | Z106: =Y106*W110 -> 0
T107: 45495 | V107: 64095 | W107: 0.00399 | X107: =IF(Z4>V107,"oui","non") -> non | Y107: =IF(X107="oui",V107-V106,(Z4)-Y106-Y105-Y104-Y103) -> 0 | Z107: =Y107*W111 -> 0
T108: 64095 | V108: 250095 | W108: 0.00342 | X108: =IF(Z4>V108,"oui","non") -> non | Y108: =IF(X108="oui",V108-V107,(Z4)-Y107-Y106-Y105-Y104-Y103) -> 0 | Z108: =Y108*W112 -> 0
T109: 250095 | W109: 0.00228 | X109: NS | Y109: =IF((H33+R20+Z8)>=T109,(Z8)-V108,0) -> 0 | Z109: =Y109*W113 -> 0
W110: 0.00171
W111: 0.00114
W112: 0.00057
W113: 0.00023
